Map: [ESL] Babylon

Players

trigger

  • Race: Protoss Protoss
  • Spawn Location: 5:00

Astrea - Winner!

  • Race: Protoss Protoss
  • Spawn Location: 11:00

Event: ESL SC2 Masters 2023 Summer (Regionals)

VOD

Have the link to the VOD?

Description

Time

  • Played on: May 18, 2023, 3:28 p.m.
  • Length: 11:44

All games in this series

Show
View Real Time Build Order
Export as new Build Order

trigger Protoss 

Build Orders:  

Get SALT Encoding   

  12  0:00  Probe  
  13  0:12  Probe  
  14  0:19  Pylon  
  14  0:24  Probe  
  15  0:37  Probe (Chrono Boost)  
  15  0:39  Gateway  
  16  0:46  Probe (Chrono Boost)  
  16  0:47  Assimilator  
  17  0:51  Probe (Chrono Boost)  
  18  1:03  Probe  
  19  1:12  Forge  
  19  1:15  Probe  
  20  1:28  Cybernetics Core  
  20  1:30  Zealot (Chrono Boost)  
  20  1:31  Probe  
  23  1:34  Pylon  
  23  1:45  Photon Cannon  
  23  1:53  Photon Cannon  
  23  2:03  Stalker (Chrono Boost)  
  23  2:20  Probe  
  23  2:28  Stalker (Chrono Boost)  
  25  2:33  Pylon  
  25  2:41  Probe  
  25  2:47  Assimilator  
  23  2:57  Stalker (Chrono Boost)  
  25  3:01  Shield Battery  
  25  3:02  Probe  
  23  3:20  Probe  
  23  3:24  Stalker (Chrono Boost)  
  21  3:35  Probe  
  20  3:52  Probe  
  18  4:17  Probe (Chrono Boost)  
  19  4:28  Probe (Chrono Boost)  
  20  4:33  Probe (Chrono Boost)  
  21  4:43  Warp Gate, Probe  
  22  4:56  Probe  
  23  5:08  Probe  
  24  5:15  Stargate  
  24  5:21  Probe (Chrono Boost)  
  25  5:31  Probe (Chrono Boost)  
  26  5:36  Probe (Chrono Boost)  
  27  5:48  Probe  
  28  5:58  Oracle (Chrono Boost)  
  31  6:08  Nexus  
  31  6:09  Probe  
  32  6:22  Probe  
  33  6:30  Pylon  
  33  6:31  Oracle (Chrono Boost)  
  36  6:36  Probe  
  37  6:46  Stargate  
  37  6:48  Probe  
  38  7:00  Probe  
  39  7:15  Probe (Chrono Boost)  
  40  7:20  Probe (Chrono Boost)  
  41  7:28  Phoenix (Chrono Boost)  
  41  7:29  Probe x2 (Chrono Boost)  
  47  7:34  Probe (Chrono Boost)  
  47  7:36  Phoenix (Chrono Boost)  
  49  7:37  Probe  
  49  7:44  Phoenix  
  49  7:46  Probe  
  49  7:47  Shield Battery  
  49  7:49  Probe  
  53  7:54  Phoenix  
  55  7:58  Probe  
  55  7:59  Assimilator  
  55  8:01  Probe  
  55  8:02  Assimilator  
  57  8:09  Pylon  
  57  8:10  Probe  
  58  8:13  Probe  
  58  8:14  Phoenix (Chrono Boost)  
  61  8:20  Pylon  
  61  8:22  Probe  
  62  8:27  Probe  
  62  8:28  Pylon  
  62  8:30  Phoenix (Chrono Boost)  
  65  8:35  Probe  
  65  8:39  Probe  
  67  8:42  Phoenix (Chrono Boost)  
  67  8:47  Probe  
  70  8:49  Phoenix  
  70  8:51  Probe  
  73  8:57  Robotics Facility  
  73  9:01  Pylon  
  73  9:03  Probe  
  74  9:11  Pylon  
  74  9:20  Gateway  
  74  9:27  Probe  
  75  9:35  Nexus  
  75  9:37  Pylon  
  75  9:40  Shield Battery  
  75  9:45  Fleet Beacon  
  72  9:59  Probe  
  71  10:01  Forge  
  71  10:02  Observer (Chrono Boost)  
  71  10:06  Robotics Bay  
  72  10:09  Adept  
  72  10:12  Shield Battery  
  74  10:14  Adept  
  74  10:20  Probe x2  
  78  10:21  Immortal  
  82  10:32  Probe  
  83  10:38  Photon Cannon  
  83  10:42  Photon Cannon  
  83  10:44  Photon Cannon  
  91  11:02  Disruptor (Chrono Boost)  
  98  11:13  Photon Cannon  
  94  11:28  Zealot x2  
Show
View Real Time Build Order
Export as new Build Order

Astrea Protoss - Winner!

Build Orders:  

Get SALT Encoding   

  12  0:01  Probe  
  13  0:13  Probe  
  14  0:18  Pylon  
  14  0:25  Probe  
  15  0:37  Probe  
  15  0:38  Pylon  
  17  0:56  Gateway  
  16  0:58  Gateway  
  16  1:09  Gateway  
  16  1:11  Probe  
  16  1:16  Assimilator  
  17  1:23  Probe  
  18  1:35  Probe  
  19  1:43  Zealot (Chrono Boost)  
  19  1:44  Cybernetics Core  
  19  1:45  Zealot (Chrono Boost)  
  23  1:58  Pylon  
  25  2:04  Zealot (Chrono Boost)  
  27  2:13  Zealot (Chrono Boost)  
  27  2:15  Zealot (Chrono Boost)  
  27  2:26  Probe  
  30  2:30  Adept (Chrono Boost)  
  30  2:33  Adept  
  28  2:44  Adept  
  28  2:52  Probe  
  28  2:55  Assimilator  
  27  2:59  Adept (Chrono Boost)  
  30  3:09  Adept (Chrono Boost)  
  30  3:11  Probe  
  29  3:31  Probe  
  29  3:32  Warp Gate  
  30  3:37  Pylon  
  30  3:46  Probe  
  29  3:53  Robotics Facility  
  29  3:59  Pylon  
  29  4:13  Nexus  
  25  4:18  Probe  
  25  4:20  Gateway  
  24  4:31  Probe  
  25  4:37  Immortal (Chrono Boost)  
  25  4:43  Probe  
  30  4:56  Probe  
  31  5:00  Pylon  
  31  5:07  Shield Battery  
  30  5:11  Probe  
  30  5:12  Warp Prism (Chrono Boost)  
  33  5:23  Probe  
  34  5:30  Stalker  
  36  5:36  Gateway  
  36  5:40  Probe x2  
  36  5:41  Observer  
  39  5:56  Probe, Shield Battery  
  40  5:57  Pylon  
  40  5:58  Probe  
  41  6:05  Immortal (Chrono Boost)  
  41  6:10  Probe  
  46  6:12  Probe  
  47  6:23  Probe  
  47  6:24  Probe  
  49  6:25  Sentry  
  49  6:29  Pylon  
  49  6:31  Sentry  
  53  6:36  Probe  
  53  6:37  Probe  
  55  6:48  Probe  
  55  6:49  Probe  
  55  6:51  Twilight Council, Stalker, Forge  
  59  6:58  Stalker  
  59  7:00  Probe  
  59  7:01  Probe  
  63  7:11  Assimilator  
  63  7:12  Probe  
  63  7:14  Stalker  
  66  7:17  Blink  
  66  7:19  Probe  
  66  7:20  Protoss Ground Weapons Level 1 (Chrono Boost)  
  67  7:32  Gateway x2  
  67  7:39  Probe  
  66  7:45  Stalker  
  66  7:46  Stalker  
  70  7:53  Pylon  
  70  8:00  Nexus  
  70  8:02  Pylon  
  70  8:05  Probe  
  70  8:06  Probe  
  70  8:14  Pylon  
  70  8:17  Probe, Stalker  
  70  8:18  Probe  
  74  8:27  Observer  
  74  8:29  Probe  
  74  8:30  Probe  
  74  8:31  Nexus  
  76  8:40  Pylon  
  76  8:41  Probe  
  77  8:42  Probe, Stalker  
  80  8:52  Pylon  
  80  8:53  Probe  
  80  8:54  Probe  
  82  8:58  Pylon  
  82  8:59  Forge  
  82  9:05  Probe  
  82  9:06  Probe  
  82  9:07  Stalker  
  86  9:10  Protoss Ground Weapons Level 2 (Chrono Boost)  
  86  9:13  Probe  
  87  9:17  Probe  
  87  9:18  Probe  
  87  9:19  Charge  
  88  9:27  Protoss Ground Armor Level 1 (Chrono Boost)  
  88  9:30  Probe  
  87  9:31  Stalker  
  87  9:34  Probe  
  87  9:38  Probe  
  91  9:42  Probe, Stalker  
  91  9:44  Observer  
  94  9:45  Probe  
  94  9:46  Probe  
  94  9:50  Probe  
  95  9:53  Stalker  
  95  9:54  Probe  
  95  9:58  Probe x2  
  100  10:00  Stalker x2  
  100  10:02  Probe  
  100  10:06  Probe  
  106  10:09  Gateway x2  
  106  10:10  Probe  
  107  10:14  Gateway  
  107  10:17  Gateway  
  107  10:18  Gateway  
  107  10:23  Gateway  
  107  10:26  Pylon  
  107  10:30  Photon Cannon  
  107  10:35  Stalker x2  
  109  10:36  Photon Cannon  
  111  10:44  Stalker x2  
  115  10:50  Pylon  
  115  10:54  Photon Cannon  
  114  11:00  Stalker x2  
  118  11:06  Stalker x2  
  119  11:13  Stalker  
  119  11:14  Stalker x4  
  128  11:18  Stalker  
  130  11:29  Stalker x4  
  134  11:37  Stalker x5  
Tags
 
Add a new tag
Caveats
  • Supply blocks, unpowered buildings, or Contaminate may cause inaccurate times.
  • Supply counts are checked every 10 seconds.